 Dungeon Crawl Stone Soup version 0.26-a0-660-gc07710193c (webtiles) character file.

Game seed: 9239943409724200378

130 DogServant the Insei (level 5, -2/40 HPs)
             Began as a Gnoll Transmuter on Oct 8, 2020.
             Killed from afar by Jessica (7 damage)
             ... with a puff of flame
             ... on level 3 of the Dungeon.
             The game lasted 00:03:22 (2094 turns).

DogServant the Insei (Gnoll Transmuter)             Turns: 2094, Time: 00:03:23

Health: -2/40      AC:  3    Str: 12    XL:     5   Next: 14%
Magic:  9/12       EV: 14    Int: 16    God:
Gold:   100        SH:  0    Dex: 16    Spells: 11/14 levels left

rFire    . . .     SeeInvis .     - Unarmed
rCold    . . .     Faith    .   (no shield)
rNeg     . . .     Spirit   .   o - +0 leather armour
rPois    .         Reflect  .   (helmet currently unavailable)
rElec    .         Harm     .   (no cloak)
rCorr    .         Rampage  .   (no gloves)
MR       .....                  (boots currently unavailable)
Stlth    ++........             (no amulet)
HPRegen  0.13/turn              c - ring of flight
MPRegen  0.13/turn              (no ring)

@: appendages (expiring), wereblooded
A: distributed training, fangs 1, horns 2, talons 2, strong nose
a: End Transformation, Evoke Flight


You were on level 3 of the Dungeon.
You had grown temporary horns.
You had grown temporary talons.
You visited 1 branch of the dungeon, and saw 3 of its levels.

You collected 100 gold pieces.

Inventory:

Armour
 a - a +0 robe
 g - a +2 helmet
 j - a +0 ring mail
 o - a +0 leather armour (worn)
Jewellery
 c - a ring of flight (left hand)
Scrolls
 d - a scroll of fear {unknown}
 h - a scroll of enchant armour {unknown}
 i - a scroll of blinking
 l - a scroll of immolation {unknown}
 m - a scroll of identify
 n - a scroll of remove curse {unknown}
Potions
 b - a potion of curing {unknown}
 e - 2 potions of flight
 f - a potion of haste


   Skills:
 + Level 2.9 Fighting
 + Level 1.4 Short Blades
 + Level 1.4 Long Blades
 + Level 1.4 Axes
 + Level 1.4 Maces & Flails
 + Level 1.4 Polearms
 + Level 1.4 Staves
 + Level 1.4 Slings
 + Level 1.4 Bows
 + Level 1.4 Crossbows
 + Level 1.4 Throwing
 + Level 1.4 Armour
 + Level 4.7 Dodging
 + Level 1.4 Stealth
 + Level 1.4 Shields
 + Level 6.6 Unarmed Combat
 + Level 5.1 Spellcasting
 + Level 1.1 Conjurations
 + Level 1.1 Hexes
 + Level 1.1 Summonings
 + Level 1.1 Necromancy
 + Level 1.1 Translocations
 + Level 3.9 Transmutations
 + Level 1.1 Fire Magic
 + Level 1.1 Ice Magic
 + Level 1.1 Air Magic
 + Level 1.1 Earth Magic
 + Level 1.1 Poison Magic
 + Level 1.5 Invocations
 + Level 1.4 Evocations


You had 11 spell levels left.
You knew the following spells:

 Your Spells              Type           Power        Failure   Level
a - Beastly Appendage     Tmut           ###...       3%          1
b - Wereblood             Tmut           ###.....     5%          2

Your spell library contained the following spells:

 Spells                   Type           Power        Failure   Level
 Spider Form              Tmut/Pois      ##........   21%         3
 Ice Form                 Ice/Tmut       ##......     54%         4
 Blade Hands              Tmut           ###.......   71%         5


Dungeon Overview and Level Annotations

Branches:
Dungeon (3/15)

Altars:
Dithmenos

Annotations:
D:3 Jessica


Innate Abilities, Weirdness & Mutations

Your experience applies equally to all skills.
You have very sharp teeth.
Your uncanny sense of smell can sniff out nearby items.
You have a pair of horns on your head.
You have razor-sharp toenails.


Message History

The magic dart hits you.
You hit the orc wizard but do no damage.
You claw the orc wizard.
You kill the orc wizard!
You have reached level 5!
Something hits you but does no damage.
Jessica zaps a wand.
The puff of flame hits you. The hound skeleton barely misses you.
You hit something but do no damage.
Your transformation is almost over.
You hear some strange, mumbled words.
A puff of flame appears from out of thin air!
The puff of flame hits you!
* * * LOW HITPOINT WARNING * * *
The hound skeleton closely misses you.
You hit the hound skeleton. You headbutt the hound skeleton.
The hound skeleton is moderately damaged.
Something hits you but does no damage. The hound skeleton bites you.
* * * LOW HITPOINT WARNING * * *
Jessica zaps a wand.
The puff of flame hits you!
You die...

## ... #.###
# #...#.##
###.#.#..#
##.#........#
............#
#{Z.# #@#.#
#.#.# #.#.#
#.#.. #.###
#.. .@. ∆....
###.


You could see Jessica and a hound skeleton.

Vanquished Creatures
  An orc wizard (D:3)
  Robin (D:2)
  2 adders (D:2)
  2 oozes (D:2)
  A leopard gecko (D:2)
  3 orcs (D:3)
  5 ball pythons
  9 bats
  3 giant cockroaches
  6 hobgoblins
  2 jackals (D:2)
  3 kobolds (D:1)
  5 frilled lizards
  12 goblins
  8 rats
63 creatures vanquished.

Notes
Turn   | Place    | Note
-------+----------+-------------------------------------------
     0 | D:1      | DogServant the Gnoll Transmuter began the quest for the
                  | Orb.
     0 | D:1      | Reached XP level 1. HP: 17/17 MP: 6/6
    85 | D:1      | Reached XP level 2. HP: 20/23 MP: 7/7
   581 | D:1      | Reached XP level 3. HP: 23/28 MP: 9/9
   666 | D:1      | Reached skill level 5 in Spellcasting
   670 | D:1      | Learned a level 2 spell: Wereblood
   881 | D:2      | Reached skill level 1 in Invocations
  1148 | D:2      | Reached skill level 1 in Short Blades
  1148 | D:2      | Reached skill level 1 in Long Blades
  1148 | D:2      | Reached skill level 1 in Axes
  1148 | D:2      | Reached skill level 1 in Maces & Flails
  1148 | D:2      | Reached skill level 1 in Polearms
  1148 | D:2      | Reached skill level 1 in Staves
  1148 | D:2      | Reached skill level 1 in Slings
  1148 | D:2      | Reached skill level 1 in Bows
  1148 | D:2      | Reached skill level 1 in Crossbows
  1148 | D:2      | Reached skill level 1 in Throwing
  1148 | D:2      | Reached skill level 1 in Armour
  1148 | D:2      | Reached skill level 1 in Stealth
  1148 | D:2      | Reached skill level 1 in Shields
  1148 | D:2      | Reached skill level 1 in Evocations
  1192 | D:2      | Reached XP level 4. HP: 30/34 MP: 11/11
  1246 | D:2      | Found a shadowy altar of Dithmenos.
  1478 | D:2      | Noticed Robin
  1498 | D:2      | Killed Robin
  1507 | D:2      | Reached skill level 1 in Conjurations
  1507 | D:2      | Reached skill level 1 in Hexes
  1507 | D:2      | Reached skill level 1 in Summonings
  1507 | D:2      | Reached skill level 1 in Necromancy
  1507 | D:2      | Reached skill level 1 in Translocations
  1507 | D:2      | Reached skill level 1 in Fire Magic
  1507 | D:2      | Reached skill level 1 in Ice Magic
  1507 | D:2      | Reached skill level 1 in Air Magic
  1507 | D:2      | Reached skill level 1 in Earth Magic
  1507 | D:2      | Reached skill level 1 in Poison Magic
  2079 | D:3      | Noticed Jessica
  2092 | D:3      | Reached XP level 5. HP: 19/40 MP: 9/12
  2094 | D:3      | Killed from afar by Jessica

Illustrated notes

Levels and vault maps discovered:
D:1:      saegor_arrival_simple_b, layout_basic, chequers_hall_statues_y
D:2:      layout_basic, lemuel_doored_altar, palyth_stone_intersect, uniq_robin
D:3:      layout_basic, gammafunk_ghost_grave, yredelemnul_altar_generic,
          uniq_jessica

Skill      XL: |  1  2  3  4 |
---------------+-------------+-----
Spellcasting   | 5 |  5.1
Invocations    | 1 |  1.5
Short Blades   | 1 |  1.4
Long Blades    | 1 |  1.4
Axes           | 1 |  1.4
Maces & Flails | 1 |  1.4
Polearms       | 1 |  1.4
Staves         | 1 |  1.4
Slings         | 1 |  1.4
Bows           | 1 |  1.4
Crossbows      | 1 |  1.4
Throwing       | 1 |  1.4
Armour         | 1 |  1.4
Stealth        | 1 |  1.4
Shields        | 1 |  1.4
Evocations     | 1 |  1.4
Conjurations   | 1 |  1.1
Hexes          | 1 |  1.1
Summonings     | 1 |  1.1
Necromancy     | 1 |  1.1
Translocations | 1 |  1.1
Fire Magic     | 1 |  1.1
Ice Magic      | 1 |  1.1
Air Magic      | 1 |  1.1
Earth Magic    | 1 |  1.1
Poison Magic   | 1 |  1.1
Fighting       | |  2.9
Dodging        | |  4.7
Unarmed Combat | |  6.6
Transmutations | |  3.9

Action                   |  1- 3 |  4- 6 || total
-------------------------+-------+-------++-------
Melee: Unarmed           |   109 |    46 ||   155
       Bite              |     6 |     5 ||    11
       Punch             |     2 |     1 ||     3
       Kick              |       |     5 ||     5
       Headbutt          |       |     4 ||     4
 Cast: Beastly Appendage |       |     2 ||     2
       Wereblood         |       |     1 ||     1
  Use: Scroll            |     3 |       ||     3
       Potion            |       |     1 ||     1
 Stab: Sleeping          |       |     1 ||     1
Armor: Robe              |    15 |       ||    15
       Leather armour    |       |     4 ||     4
Dodge: Dodged            |    92 |    23 ||   115

Table legend: (Time is in decaauts)
 A = Elapsed time spent in this place.
 B = Non-inter-level travel time spent in this place.
 C = Inter-level travel time spent in this place.
 D = Time resting spent in this place.
 E = Time spent auto-exploring this place.
 F = Levels seen in this place.
 G = Mean time per level.
                   A        B        C        D        E       F      G
               +--------+--------+--------+--------+--------+-----+--------+
         Total |   2074 |   2017 |     57 |    478 |   1177 |   3 |  691.3 |
       Dungeon |   2074 |   2017 |     57 |    478 |   1177 |   3 |  691.3 |
               +--------+--------+--------+--------+--------+-----+--------+

Top non-repeatable levels by time:
     D:2: 1307 daAuts
     D:1: 749 daAuts
     D:3: 17 daAuts
